 Dungeon Crawl Stone Soup version 0.31.0-9-g3a7656b989 (webtiles) character file.

Game seed: 2651159358702354153

161 qw the Shooter (level 5, -4/25 HPs)
             Began as a Spriggan Hunter on Feb 2, 2024.
             Was an Initiate of Okawaru.
             Constricted to death by Ijyb (7 damage)
             ... on level 3 of the Dungeon.
             The game lasted 00:00:03 (1068 turns).

qw the Shooter (Spriggan Hunter)                    Turns: 1068, Time: 00:00:04

Health: -4/25      AC:  2    Str:  7    XL:     5   Next: 18%
Magic:  6/6        EV: 17    Int: 10    God:    Okawaru [......]
Gold:   49         SH:  0    Dex: 21    Spells: 4/4 levels left

rFire   . . .        a - +0 shortbow
rCold   . . .        (shield currently unavailable)
rNeg    . . .        c - +0 robe
rPois   .            (helmet restricted)
rElec   .            (no cloak)
rCorr   .            (gloves unavailable)
SInv    +            (boots unavailable)
Will    .....        (no amulet)
Stlth   ++           (no ring)
HPRegen 0.24/turn    (no ring)
MPRegen 0.10/turn

%: no passive effects
@: grasped by roots, constricted, very quick
A: very small, no large weapons, unfitting armour, see invisible, speed 3
a: Renounce Religion


You were on level 3 of the Dungeon.
You worshipped Okawaru.
Okawaru was noncommittal.
You visited 1 branch of the dungeon, and saw 4 of its levels.

You collected 49 gold pieces.


Innate Abilities, Weirdness & Mutations

You are very small and have problems with some larger weapons.
You are too small for most types of armour.
You have supernaturally acute eyesight. (SInv)
You cover ground extremely quickly. (Speed+++)


   Skills:
 + Level 1.5 Fighting
 - Level 5.4 Ranged Weapons
 - Level 5.2 Dodging
 - Level 1.5 Stealth


You had 4 spell levels left.
You didn't know any spells.
Your spell library was empty.

Inventory:

Hand Weapons
 a - a +0 shortbow (weapon)
Armour
 c - a +0 robe (worn)
Potions
 g - a potion of brilliance {unknown}

Dungeon Overview and Level Annotations

Branches:
Dungeon (4/15)
 Temple: D:4-7

Altars:
Okawaru

Annotations:
D:3 Ijyb
D:4 1 runed translucent door


Message History

You climb upwards.
Ijyb shouts!
Found 12 gold pieces, a scroll labelled JACVULOHIPS and a book of Debilitation.
Found a stone staircase leading up.
There is a stone staircase leading down here.
Ijyb is nearby!
Waypoint 3 assigned to D:3.
You shoot an arrow. The arrow barely misses Ijyb.
You shoot an arrow. The arrow hits Ijyb.
Ijyb is lightly wounded.
A ball python comes into view.
Ijyb zaps a wand.
The roots erupt in riotous growth!
The grasping roots grab you! The grasping roots constrict you.
You shoot an arrow. The arrow hits the ball python!
You kill the ball python!
Okawaru accepts your kill. The grasping roots constrict you.
You shoot an arrow. The arrow hits Ijyb but does no damage.
Ijyb is lightly wounded.
The grasping roots constrict you.
The grasping roots release their grip on you.
You shoot an arrow. The arrow barely misses Ijyb.
You shoot an arrow. The arrow barely misses Ijyb.
Ijyb completely misses you.
You shoot an arrow. The arrow hits Ijyb but does no damage.
Ijyb is lightly wounded.
Ijyb barely misses you.
You shoot an arrow. The arrow closely misses Ijyb.
Ijyb misses you.
You shoot an arrow. The arrow completely misses Ijyb.
Ijyb zaps a wand.
The roots erupt in riotous growth!
The grasping roots grab you!
Ijyb is unaffected.
The grasping roots constrict you. Ijyb completely misses you.
The grasping roots constrict you.
You shoot an arrow. The arrow hits Ijyb but does no damage.
Ijyb is lightly wounded.
Ijyb hits you with a +0 dagger. The grasping roots constrict you.
You shoot an arrow. The arrow closely misses Ijyb.
Ijyb barely misses you. The grasping roots constrict you!
You die...

#######+#.#
..........#
..........#
.........: ##
.........##.<
...?.......
.......g$#
#@# #..# #..#
#... #.#.#
#.... #.....
#...###


You could see Ijyb.

Vanquished Creatures
  2 scorpions (D:4)
  An adder (D:2)
  2 dart slugs (D:1)
  A ribbon worm (D:2)
  An orc (D:4)
  2 endoplasms
  2 giant cockroaches
  3 goblins (D:1)
  3 hobgoblins (D:1)
  2 quokkas (D:1)
  2 ball pythons
  3 bats
  A frilled lizard (D:1)
  2 kobolds (D:1)
  3 rats
30 creatures vanquished.

Notes
Turn   | Place    | Note
-------+----------+-------------------------------------------
     0 | D:1      | qw the Spriggan Hunter began the quest for the Orb.
     0 | D:1      | Reached XP level 1. HP: 10/10 MP: 2/2
     0 | D:1      | 0 ||| qw: Version: 0.3-a-155-g5e7d8dd
     0 | D:1      | 0 ||| qw: Game counter: 2608
     0 | D:1      | 0 ||| qw: Melee chars always use a shield: true
     0 | D:1      | 0 ||| qw: God list: Okawaru
     0 | D:1      | 0 ||| qw: Allow faded altars: false
     0 | D:1      | 0 ||| qw: Do Orc after clearing Dungeon:15 true
     0 | D:1      | 0 ||| qw: Do second Lair branch before Depths: true
     0 | D:1      | 0 ||| qw: Lair rune preference: random
     0 | D:1      | 0 ||| qw: Goals: Normal
     0 | D:1      | 0 ||| PLANNING D:1-11
    43 | D:1      | Reached skill level 3 in Dodging
   149 | D:1      | Reached XP level 2. HP: 14/14 MP: 3/3
   443 | D:1      | Found a faded altar of an unknown god.
   659 | D:1      | 659 ||| READING scroll labelled FIEROA ORITYWI.
   660 | D:1      | 660 ||| READING scroll labelled KEYJANOHEIMU.
   661 | D:1      | 661 ||| DRINKING 2 red potions.
   662 | D:1      | 662 ||| DROPPING scroll of butterflies.
   663 | D:1      | 663 ||| DROPPING potion of magic.
   790 | D:2      | Reached XP level 3. HP: 11/18 MP: 4/4
   873 | D:2      | You fall into a shaft and drop 2 floors!
   971 | D:4      | Noticed a scorpion
   972 | D:4      | 972 ||| ZAPPING wand of flame (12) at -7,1 (scorpion;
                  | floor).
   973 | D:4      | 973 ||| ZAPPING wand of flame (11) at -6,1 (scorpion;
                  | floor).
   974 | D:4      | 974 ||| ZAPPING wand of flame (10) at -5,1 (scorpion;
                  | floor).
   975 | D:4      | 975 ||| ZAPPING wand of flame (9) at -4,0 (scorpion;
                  | floor).
   976 | D:4      | 976 ||| ZAPPING wand of flame (8) at -3,0 (scorpion;
                  | floor).
   977 | D:4      | 977 ||| ZAPPING wand of flame (7) at -1,0 (scorpion;
                  | floor).
   977 | D:4      | Killed a scorpion
   978 | D:4      | Reached XP level 4. HP: 22/22 MP: 5/5
   995 | D:4      | Found a runed translucent door.
  1004 | D:4      | Found an iron altar of Okawaru.
  1004 | D:4      | Noticed a scorpion
  1005 | D:4      | 1005 ||| PLANNING OKAWARU WORSHIP
  1005 | D:4      | 1005 ||| ZAPPING wand of flame (6) at -2,-7 (scorpion;
                  | floor).
  1006 | D:4      | 1006 ||| ZAPPING wand of flame (5) at -1,-6 (scorpion;
                  | floor).
  1007 | D:4      | 1007 ||| ZAPPING wand of flame (4) at -1,-5 (scorpion;
                  | floor).
  1008 | D:4      | 1008 ||| ZAPPING wand of flame (3) at -1,-3 (scorpion;
                  | floor).
  1009 | D:4      | 1009 ||| ZAPPING wand of flame (2) at 0,-2 (scorpion;
                  | floor).
  1010 | D:4      | 1010 ||| ZAPPING wand of flame (1) at 0,-1 (scorpion;
                  | floor).
  1015 | D:4      | Killed a scorpion
  1016 | D:4      | Reached XP level 5. HP: 19/25 MP: 6/6
  1039 | D:4      | 1039 ||| READING scroll labelled DECZUT VIWOLOE.
  1039 | D:4      | 1039 ||| IDENTIFYING murky coppery potion
  1040 | D:4      | 1040 ||| DROPPING potion of degeneration.
  1048 | D:4      | Became a worshipper of Warmaster Okawaru
  1049 | D:4      | 1049 ||| PLANNING D:1-11
  1057 | D:3      | Noticed Ijyb
  1067 | D:3      | HP: 4/25 [Ijyb/+0 dagger (4)]
  1068 | D:3      | Constricted to death by Ijyb

Levels and vault maps discovered:
D:1:      saegor_arrival_simple_d, layout_loops_ring,
          shapermc_ecumenical_altar_starsandcircs, minmay_pentomino_t2
D:2:      layout_rooms, serial_aquarium, aquarium_bridge_straight
          [aquarium_subvault_bridge, aquarium_subvault_window,
          aquarium_subvault_bridge, aquarium_subvault_window],
          aquarium_bridge_square [aquarium_subvault_wall,
          aquarium_subvault_bridge, aquarium_subvault_wall,
          aquarium_subvault_balcony], aquarium_window_corner,
          aquarium_window_fake, aquarium_view_2e, aquarium_pool_2,
          chequers_serial_rivers_micro_a, serial_bayou_lake_a, uniq_natasha
D:3:      layout_basic, uniq_ijyb, uniq_grinder, uniq_crazy_yiuf_cottage
D:4:      layout_loops_ring, nicolae_overflow_quartered_altars,
          ebering_ghost_inner_flame, uniq_duvessa

Skill      XL: |  1  2  3  4 |
---------------+-------------+-----
Dodging        | 3 4 5 |  5.2
Ranged Weapons | 5 |  5.4
Fighting       | |  1.5
Stealth        | |  1.5

Action                     |  1- 3 |  4- 6 || total
---------------------------+-------+-------++-------
   Fire: Shortbow          |    73 |    20 ||    93
  Evoke: Wand              |     6 |     6 ||    12
    Use: Scroll            |     2 |     1 ||     3
         Potion            |     1 |       ||     1
 Armour: Robe              |     8 |     4 ||    12
  Dodge: Dodged            |    17 |    11 ||    28

Table legend:
 A = Non-vault XP
 B = Vault XP
 C = Vault XP percentage of total XP
 D = Non-vault monster count
 E = Vault monster count
 F = Vault count percentage of total count
                 A         B        C        D         E       F
            +---------+---------+-------+---------+---------+-------
      Total |     222 |       8 |   3.5 |      28 |       2 |   6.7
            +---------+---------+-------+---------+---------+-------
        D:1 |      29 |       8 |  21.6 |      18 |       2 |  10.0
        D:2 |      21 |       0 |   0.0 |       5 |       0 |   0.0
        D:3 |       1 |       0 |   0.0 |       1 |       0 |   0.0
        D:4 |     171 |       0 |   0.0 |       4 |       0 |   0.0
            +---------+---------+-------+---------+---------+-------
